 Dungeon Crawl Stone Soup version 0.31-a0-1074-g0b22e4e0f1 (webtiles) character file.

Game seed: 12254674519627920147

950 BigPumpCobain the Chopper (level 7, -15/63 HPs)
             Began as a Minotaur Fighter on Dec 7, 2023.
             Was an Initiate of the Shining One.
             Demolished by an orc warrior
             ... wielding a +0 glaive
              (16 damage)
             ... on level 6 of the Dungeon.
             The game lasted 00:05:32 (4240 turns).

BigPumpCobain the Chopper (Minotaur Fighter)        Turns: 4240, Time: 00:05:32

Health: -15/63     AC: 11    Str: 23    XL:     7   Next: 90%
Magic:  6/6        EV:  9    Int:  5    God:    the Shining One [......]
Gold:   247        SH:  5    Dex:  9    Spells: 6/6 levels left

rFire   . . .        a - +0 war axe (freeze)
rCold   . . .        c - +0 buckler
rNeg    . . .        b - +0 scale mail
rPois   .            (helmet restricted)
rElec   .            (no cloak)
rCorr   .            (no gloves)
SInv    +            (no boots)
Will    .....        (no amulet) Stlth
                     g - ring of see invisible
HPRegen 0.30/turn    i - +4 ring of protection
MPRegen 0.10/turn

%: no passive effects
@: glowing
A: horns 2, retaliatory headbutt
a: Renounce Religion


You were on level 6 of the Dungeon.
You worshipped the Shining One.
The Shining One was noncommittal.
You visited 2 branches of the dungeon, and saw 7 of its levels.

You collected 247 gold pieces.

Inventory:

Hand Weapons
 a - a +0 war axe of freezing (weapon)
Missiles
 t - a throwing net
Armour
 b - a +0 scale mail (worn)
 c - a +0 buckler (worn)
Jewellery
 g - a ring of see invisible (left hand)
 h - a ring of willpower
 i - a +4 ring of protection (right hand)
 v - a ring of ice
Wands
 w - a wand of iceblast (12)
Scrolls
 s - a scroll of amnesia
 u - a scroll of teleportation
 x - a scroll of poison
Potions
 d - 4 potions of might
 e - a potion of ambrosia {unknown}
 f - a potion of brilliance {unknown}
 j - 3 potions of curing {unknown}
 k - a potion of enlightenment {unknown}
 l - a potion of cancellation {unknown}
 m - 2 potions of heal wounds {unknown}
 n - a potion of mutation {unknown}
 o - 3 potions of degeneration {unknown}
 p - 3 potions of berserk rage {unknown}
 q - a potion of lignification {unknown}
 r - 2 potions of haste {unknown}


   Skills:
 + Level 6.0 Fighting
 * Level 7.2 Axes
 + Level 6.0 Armour
 + Level 6.0 Shields


You had 6 spell levels left.
You didn't know any spells.
Your spell library contained the following spells:

 Spells                   Type           Power      Damage    Failure   Level
 Blink                    Tloc           0%         N/A       92%         2
 Lesser Beckoning         Tloc           0%         N/A       92%         2
 Momentum Strike          Conj/Tloc      0%         3d8       92%         2
 Gell's Gravitas          Tloc           0%         N/A       99%         3
 Teleport Other           Tloc           0%         N/A       99%         3


Dungeon Overview and Level Annotations

Branches:
Dungeon (6/15)             Temple (1/1) D:5

Altars:
Ashenzari
Cheibriados
Fedhas
Gozag
Hepliaklqana
Kikubaaqudgha
Makhleb
Okawaru
Qazlal
Ru
Uskayaw
Vehumet
Wu Jian
Xom
The Shining One

Shops:
D:4 :   D:5 :


Innate Abilities, Weirdness & Mutations

You have a pair of horns on your head.
You reflexively headbutt those who attack you in melee.


Message History

You hit the centaur. You freeze the centaur.
The centaur hits you but does no damage.
The centaur barely misses you.
The orc warrior hits you with a +0 glaive!
You barely miss the centaur. You headbutt the centaur!
The centaur is severely wounded.
You hit the orc warrior but do no damage.
The centaur closely misses you.
The centaur kicks you but does no damage.
You block the centaur's attack. x2
The orc warrior hits you with a +0 glaive!
You closely miss the centaur.
The centaur is severely wounded.
You hit the orc warrior but do no damage.
The centaur barely misses you. You furiously retaliate!
You headbutt the centaur.
The centaur kicks you but does no damage.
The orc warrior hits you with a +0 glaive!!
* * * LOW HITPOINT WARNING * * *
The centaur hits you but does no damage.
The centaur barely misses you.
An orc wizard comes into view. It is wielding a +0 war axe.
The centaur hits you but does no damage.
The centaur kicks you but does no damage.
The orc zaps a wand.
The puff of flame hits you but does no damage.
The orc warrior hits you from afar with a +0 glaive.
* * * LOW HITPOINT WARNING * * *
A bullfrog comes into view.
The bullfrog croaks.
You slash the centaur! You freeze the centaur.
You kill the centaur!
You hear a shout!
The orc warrior barely misses you.
The orc zaps a wand.
The puff of flame hits you!
* * * LOW HITPOINT WARNING * * *
The orc wizard gestures at you while chanting.
You resist with some effort.
The orc warrior hits you from afar with a +0 glaive!
You die...

#.#. #...#...
..#...
......o.
...F..#
..#...#
..o.#.#...#.#
#.#...#...#..
#..........
#.o.)># #.@#
##.# #.# #.#
##.# #..#
#.## #.#
###########.#


You could see an orc warrior, a bullfrog, an orc wizard and an orc.

Vanquished Creatures
  A water moccasin (D:4)
  A black bear (D:5)
  A centaur (D:6)
  A phantom (D:5)
  A scorpion (D:5)
  A howler monkey (D:6)
  2 hounds (D:4)
  A jelly (D:4)
  4 orc priests
  4 iguanas
  11 gnolls
  5 adders
  A white imp (D:5)
  3 worms
  A dart slug (D:2)
  13 orcs
  5 endoplasms
  A giant cockroach (D:2)
  5 goblins
  15 hobgoblins
  9 jackals
  5 kobolds
  A quokka (D:4)
  5 ball pythons
  8 bats
  2 frilled lizards (D:1)
  4 rats
111 creatures vanquished.

Notes
Turn   | Place    | Note
-------+----------+-------------------------------------------
     0 | D:1      | BigPumpCobain the Minotaur Fighter began the quest for the
                  | Orb.
     0 | D:1      | Reached XP level 1. HP: 19/19 MP: 0/0
   138 | D:1      | Reached XP level 2. HP: 27/27 MP: 1/1
   270 | D:1      | Reached skill level 3 in Axes
   729 | D:2      | Reached XP level 3. HP: 32/33 MP: 2/2
  1011 | D:2      | Reached XP level 4. HP: 37/40 MP: 3/3
  1188 | D:2      | Found a burning altar of Makhleb.
  1358 | D:2      | Reached skill level 4 in Axes
  2437 | D:4      | Noticed a water moccasin
  2443 | D:4      | Killed a water moccasin
  2444 | D:4      | Reached XP level 5. HP: 23/47 MP: 4/4
  2583 | D:4      | Reached skill level 5 in Axes
  2651 | D:4      | Reached XP level 6. HP: 14/55 MP: 5/5
  2652 | D:4      | Reached skill level 5 in Fighting
  2652 | D:4      | Reached skill level 5 in Shields
  2822 | D:4      | Reached skill level 5 in Armour
  2850 | D:4      | Found Moutoll's Book Shop.
  3043 | D:4      | Reached skill level 6 in Axes
  3043 | D:4      | Reached XP level 7. HP: 59/61 MP: 6/6
  3167 | D:5      | Entered Level 5 of the Dungeon
  3210 | D:5      | Found Plog's Book Shoppe.
  3787 | D:5      | Found a staircase to the Ecumenical Temple.
  3806 | D:5      | Reached skill level 7 in Axes
  4033 | D:5      | Found an iron altar of Okawaru.
  4168 | Temple   | Entered the Ecumenical Temple
  4173 | Temple   | Became a worshipper of the Shining One
  4240 | D:6      | HP: 1/63 [orc/puff of flame (9)]
  4240 | D:6      | Demolished by an orc warrior

Illustrated notes

Levels and vault maps discovered:
D:1:      minmay_arrival_four_houses, layout_loops_ring, minmay_split_cup_small
D:2:      layout_basic, basic_altar
D:3:      layout_basic
D:4:      layout_rooms, serial_shops, shop
D:5:      layout_basic, nicolae_overflow_hidden_temple,
          minmay_temple_entry_ruins, serial_curves, eino_curves_02,
          eino_curves_04, serial_shops, shop
D:6:      cheibrodos_fzero, layout_loops_cross, gup_sewer_entry_pipe
Temple:   nicolae_temple_ecumenical_triangle

Skill      XL: |  1  2  3  4  5  6  7 |
---------------+----------------------+-----
Axes           | 3 4 5 6 7 |  7.2
Fighting       | 4 5 6 |  6.0
Armour         | 4 5 6 |  6.0
Shields        | 4 5 6 |  6.0

Action                     |  1- 3 |  4- 6 |  7- 9 || total
---------------------------+-------+-------+-------++-------
  Melee: War axe           |    67 |   106 |    58 ||   231
         Headbutt          |     6 |    12 |    12 ||    30
    Use: Scroll            |     3 |     4 |       ||     7
 Armour: Scale mail        |    49 |    83 |    72 ||   204
  Dodge: Dodged            |    34 |    48 |    26 ||   108
  Block: Buckler           |    20 |    25 |    12 ||    57

Table legend: (Time is in decaauts)
 A = Elapsed time spent in this place.
 B = Non-inter-level travel time spent in this place.
 C = Inter-level travel time spent in this place.
 D = Time resting spent in this place.
 E = Time spent auto-exploring this place.
 F = Levels seen in this place.
 G = Mean time per level.
                   A        B        C        D        E       F      G
               +--------+--------+--------+--------+--------+-----+--------+
         Total |   4305 |   4129 |    176 |    100 |   3443 |   7 |  615.0 |
       Dungeon |   4294 |   4128 |    166 |    100 |   3443 |   6 |  715.7 |
        Temple |     10 |      1 |      9 |      0 |      0 |   1 |   10.0 |
               +--------+--------+--------+--------+--------+-----+--------+

Top non-repeatable levels by time:
     D:5: 1032 daAuts
     D:2: 957 daAuts
     D:3: 790 daAuts
     D:4: 747 daAuts
     D:1: 726 daAuts
     D:6: 40 daAuts
  Temple: 10 daAuts
